 Dungeon Crawl Stone Soup version 0.29-a0-266-gf56f883ddd (webtiles) character file.

Game seed: 6255260973707874505

23 enile the Chiller (level 2, -1/13 HPs)
             Began as a Felid Ice Elementalist on Mar 7, 2022.
             Was a Follower of Ru.
             Slain by a worm (5 damage)
             ... on level 2 of the Dungeon.
             The game lasted 00:01:38 (1813 turns).

enile the Chiller (Felid Ice Elementalist)          Turns: 1813, Time: 00:01:39

Health: -1/13      AC:  1    Str:  4    XL:     2   Next: 75%
Magic:  1/6        EV: 17    Int: 16    God:    Ru [*.....]
Gold:   88         SH:  0    Dex: 16    Spells: 4/5 levels left
                                        Lives:  0   Deaths: 0

rFire   . . .      SeeInvis +   (weapon unavailable)
rCold   . . .      Faith    .   (shield unavailable)
rNeg    . . .      Spirit   .   (body armour unavailable)
rPois   .          Reflect  .   (helmet unavailable)
rElec   .          Harm     .   (cloak unavailable)
rCorr   .          Rampage  .   (gloves unavailable)
Will    .....                   (boots unavailable)
Stlth   ++........              (no amulet)
HPRegen 0.04/turn               (no ring)
MPRegen 0.10/turn               (no ring)

@: quick
A: very small, claws 1, fangs 3, see invisible, speed 1, shaggy fur 1, hated by
all, stealthy paws, no weapons or thrown items, no armour, multi-lived
a: Renounce Religion


You were on level 2 of the Dungeon.
You worshipped Ru.
Ru was aware of your devotion.
You visited 1 branch of the dungeon, and saw 2 of its levels.

You collected 88 gold pieces.

Inventory:

Missiles
 e - a throwing net
Jewellery
 j - a ring of ice
Scrolls
 c - a scroll of blinking {unknown}
 d - a scroll of noise {unknown}
 h - 2 scrolls of teleportation {unknown}
Potions
 a - a potion of magic
 b - a potion of attraction {unknown}
 f - 2 potions of heal wounds {unknown}
 g - a potion of flight {unknown}
 i - 2 potions of might {unknown}


   Skills:
 - Level 2.0 Fighting
 - Level 2.6 Dodging
 - Level 2.6 Stealth
 + Level 2.4 Spellcasting
 - Level 3.6 Ice Magic


You had 4 spell levels left.
You knew the following spells:

 Your Spells              Type           Power      Damage    Failure   Level
a - Freeze                Ice            52%        1d7       4%          1

Your spell library contained the following spells:

 Spells                   Type           Power      Damage    Failure   Level
 Frozen Ramparts          Ice            26%        1d4       14%         3
 Ozocubu's Armour         Ice            13%        N/A       14%         3
 Hailstorm                Conj/Ice       7%         3d4       67%         4


Dungeon Overview and Level Annotations

Branches:
Dungeon (2/15)

Altars:
Ru

Shops:
D:1 [


Innate Abilities, Weirdness & Mutations

You have sharp claws.
You have razor-sharp teeth.
You have supernaturally acute eyesight. (SInv)
You cover ground quickly. (Speed+)
You are covered in fur. (AC +1)
You are hated by all.
Your paws help you pounce on unaware monsters.
You are incapable of wielding weapons or throwing items.
You cannot wear armour.
You gain extra lives every three experience levels.


Message History

Aim: a worm (lightly wounded)
You freeze the worm.
The worm is lightly wounded.
The worm closely misses you.
Casting: Freeze (safe; 4% risk of failure)
Confirm with . or Enter, or press ? or * to list all spells.
Aiming: Freeze (safe; 4% risk of failure)
Press: ? - help, Shift-Dir - straight line, f/p - worm
Aim: a worm (lightly wounded)
You freeze the worm.
The worm is heavily wounded.
The worm barely misses you.
Casting: Freeze (safe; 4% risk of failure)
Confirm with . or Enter, or press ? or * to list all spells.
Aiming: Freeze (safe; 4% risk of failure)
Press: ? - help, Shift-Dir - straight line, f/p - worm
Aim: a worm (heavily wounded)
You freeze the worm.
The worm is heavily wounded.
Casting: Freeze (safe; 4% risk of failure)
Confirm with . or Enter, or press ? or * to list all spells.
Aiming: Freeze (safe; 4% risk of failure)
Press: ? - help, Shift-Dir - straight line, f/p - worm
Aim: a worm (heavily wounded)
You freeze the worm.
The worm is severely wounded.
The worm misses you.
Casting: Freeze (safe; 4% risk of failure)
Confirm with . or Enter, or press ? or * to list all spells.
You don't have enough magic to cast this spell.
You scratch the worm but do no damage.
The worm is severely wounded.
You scratch the worm.
The worm is almost dead.
The worm bites you!
Ouch! That really hurt!
You scratch the worm but do no damage.
The worm is almost dead.
The worm bites you.
You die...

# ##...#########.#
#...........)#.#
........#.......#.#
##.###<##.[###..#.#
#.........# #....#
#####.##..###..###
#.##.......#
#.#######.##.......#
#..Jw@....##########
......#####.# .....
#.# #### #(# .#. # #


You could see a worm and an endoplasm.

Vanquished Creatures
  A dart slug (D:2)
  A ball python (D:1)
  2 bats (D:1)
  3 endoplasms
  A giant cockroach (D:1)
  3 goblins
  3 hobgoblins (D:1)
  3 kobolds
  2 rats (D:1)
19 creatures vanquished.

Notes
Turn   | Place    | Note
-------+----------+-------------------------------------------
     0 | D:1      | enile the Felid Ice Elementalist began the quest for the
                  | Orb.
     0 | D:1      | Reached XP level 1. HP: 7/7 MP: 4/4
   240 | D:1      | Reached skill level 1 in Fighting
   266 | D:1      | Found Dana's Antique Armour Shop.
   400 | D:1      | Reached XP level 2. HP: 13/13 MP: 3/6
   799 | D:1      | Found a faded altar of an unknown god.
   870 | D:1      | Prayed at the altar of an unknown god.
   870 | D:1      | Became a worshipper of Ru the Awakened
   880 | D:1      | Gained mutation: You are hated by all. [Ru sacrifice]
   880 | D:1      | Reached * piety under Ru
  1813 | D:2      | Slain by a worm

Illustrated notes

Levels and vault maps discovered:
D:1:      dpeg_arrival_solitude, layout_basic, ebering_ecumenical_altar_hall,
          serial_shops, shop, chequers_big_river, st_stairs_4
D:2:      layout_loops_corners, serial_aquarium, aquarium_bridge_square
          [aquarium_subvault_balcony, aquarium_subvault_balcony,
          aquarium_subvault_window, aquarium_subvault_bridge],
          aquarium_window_corridor_3, aquarium_window_fake, aquarium_view_2d,
          aquarium_view_2e, aquarium_balcony_double_4

Skill      XL: |  1  2 |
---------------+-------+-----
Fighting       | 1 2 |  2.0
Dodging        | |  2.6
Stealth        | |  2.6
Spellcasting   | |  2.4
Ice Magic      | |  3.6

Action                   || total
-------------------------++-------
Melee: Unarmed           ||     5
 Cast: Freeze            ||    33
Invok: Sacrifice Love    ||     1
Armor: Skin              ||     2
Dodge: Dodged            ||    17

Table legend: (Time is in decaauts)
 A = Elapsed time spent in this place.
 B = Non-inter-level travel time spent in this place.
 C = Inter-level travel time spent in this place.
 D = Time resting spent in this place.
 E = Time spent auto-exploring this place.
 F = Levels seen in this place.
 G = Mean time per level.
                   A        B        C        D        E       F      G
               +--------+--------+--------+--------+--------+-----+--------+
         Total |   1579 |   1547 |     32 |      0 |   1404 |   2 |  789.5 |
       Dungeon |   1579 |   1547 |     32 |      0 |   1404 |   2 |  789.5 |
               +--------+--------+--------+--------+--------+-----+--------+

Top non-repeatable levels by time:
     D:1: 1150 daAuts
     D:2: 429 daAuts
